 Dungeon Sprint DCSS version 0.23-a0-143-g1adec7b (webtiles) character file.

161 TheOrbIsALie the Insei (level 5, -1/43 HPs)
             Began as a Gnoll Transmuter on Aug 31, 2018.
             Slain by a white imp (3 damage)
             ... summoned by a kobold demonologist
             ... in the Dungeon (Sprint III: "The Ten Rune Challenge").
             The game lasted 00:01:12 (275 turns).

TheOrbIsALie the Insei (Gnoll Transmuter)            Turns: 275, Time: 00:01:13

Health: -1/43      AC:  5    Str: 13    XL:     5   Next: 42%
Magic:  13/13      EV: 16    Int: 15    God:
Gold:   21         SH:  0    Dex: 16    Spells: 15/16 levels left

rFire    . . .     SeeInvis .     - Unarmed
rCold    . . .     Gourm    .   (no shield)
rNeg     . . .     Faith    .   b - +0 robe
rPois    .         Spirit   .   (no helmet)
rElec    .         Reflect  .   l - +2 cloak {+Inv}
rCorr    .         Harm     .   (no gloves)
MR       .....     NoTele   +   (no boots)
Stlth    +++.......             (no amulet)
HPRegen  0.14/turn              (no ring)
MPRegen  0.13/turn              (no ring)

@: no status effects
A: distributed training, fangs 1, strong nose
a: Evoke Invisibility


You were in the Dungeon.
You were not hungry.

You visited 1 branch You collected 21 gold pieces.

Inventory:

Missiles
 a - 12 arrows
Armour
 b - a +0 robe (worn)
 l - a +2 cloak of invisibility (worn)
Scrolls
 j - a scroll of blinking
 n - 2 scrolls of torment {unknown}
 o - a scroll of identify {unknown}
 p - 2 scrolls of remove curse
 r - a scroll of enchant weapon {unknown}
 s - a scroll of amnesia {unknown}
Potions
 c - a potion of ambrosia {unknown}
 e - 3 potions of curing
 g - a potion of haste
 h - 2 potions of magic
 m - 2 potions of mutation {unknown}
 q - 2 potions of flight {unknown}
Comestibles
 d - 4 rations
 k - 3 chunks of flesh


   Skills:
 + Level 4.4 Fighting
 + Level 3.4 Short Blades
 + Level 3.4 Long Blades
 + Level 3.4 Axes
 + Level 3.4 Maces & Flails
 + Level 3.4 Polearms
 + Level 3.4 Staves
 + Level 3.4 Slings
 + Level 3.4 Bows
 + Level 3.4 Crossbows
 + Level 3.4 Throwing
 + Level 3.4 Armour
 + Level 5.8 Dodging
 + Level 3.4 Stealth
 + Level 3.4 Shields
 + Level 7.5 Unarmed Combat
 + Level 6.1 Spellcasting
 + Level 2.8 Conjurations
 + Level 2.8 Hexes
 + Level 2.8 Charms
 + Level 2.8 Summonings
 + Level 2.8 Necromancy
 + Level 2.8 Translocations
 + Level 4.8 Transmutations
 + Level 2.8 Fire Magic
 + Level 2.8 Ice Magic
 + Level 2.8 Air Magic
 + Level 2.8 Earth Magic
 + Level 2.8 Poison Magic
 + Level 3.8 Invocations
 + Level 3.4 Evocations


You had 15 spell levels left.
You knew the following spells:

 Your Spells              Type           Power        Failure   Level  Hunger
a - Beastly Appendage     Tmut           ###...       1%          1    None

Your spell library contained the following spells:

 Spells                   Type           Power        Failure   Level  Hunger
 Sticks to Snakes         Tmut           ###.....     3%          2    #......
 Spider Form              Tmut/Pois      ###.......   9%          3    ##.....
 Ice Form                 Ice/Tmut       ###.....     30%         4    ####...
 Blade Hands              Tmut           ###.......   50%         5    ######.


Dungeon Overview and Level Annotations

Branches:
Dungeon (1/1)

Altars:
Kikubaaqudgha
Sif Muna
Vehumet


Innate Abilities, Weirdness & Mutations

Your experience applies equally to all skills.
You have very sharp teeth.
Your uncanny sense of smell can sniff out nearby items.


Message History

The kobold demonologist is heavily wounded.
The white imp gestures at you. The puff of frost hits you!
You hit the kobold demonologist.
You claw the kobold demonologist, but do no damage.
The kobold demonologist is almost dead.
Your talons disappear.
The kobold demonologist completely misses you.
The white imp gestures at you. The puff of frost misses you.
The white imp closely misses you.
You miss the kobold demonologist.
The kobold demonologist is almost dead.
The kobold demonologist misses you. The neqoxec hits you!
* * * LOW HITPOINT WARNING * * *
The white imp hits you.
* * * LOW HITPOINT WARNING * * *
The white imp freezes you.
* * * LOW HITPOINT WARNING * * *
The white imp hits you.
You die...

#..#......♣ ♣.# ∆
####....♣.♣ ♣♣.#∆ ∆ ∆
...#....≈.♣♣♣..###+#+###
...#...≈≈..♣.♣.#........
...#).≈≈≈≈♣..♣.'.⌠......
##'#..≈≈≈≈≈≈...#...####
...#.≈≈≈≈≈≈....#.⌠.#
.).#.≈≈≈≈≈.....#55.#∆
...#.≈≈≈.......#@###
####...........#K3$#
...............#5__#
▓▓▓▓▓▓▓▓▓▓▓▓▓▓▓▓▓▓▓▓ ∆


You could see a kobold demonologist, a neqoxec, a crimson imp and 2 white imps.

Vanquished Creatures
  A water elemental (D)
  A wizard (D)
  Crazy Yiuf (D)
  Jessica (D)
  A human (D)
  An ooze (D)
  2 rats (D)
8 creatures vanquished.

Vanquished Creatures (others)
  2 draconian scorchers (D)
  6 hellions (D)
  A yaktaur (D)
9 creatures vanquished.

Grand Total: 17 creatures vanquished

Notes
Turn   | Place    | Note
-------+----------+-------------------------------------------
     0 | D        | TheOrbIsALie the Gnoll Transmuter began the quest for the
                  | Orb.
     0 | D        | Reached XP level 1. HP: 17/17 MP: 6/6
     5 | D        | Reached skill level 5 in Spellcasting
     5 | D        | Reached skill level 1 in Invocations
    14 | D        | Noticed Jessica
    17 | D        | Killed Jessica
    17 | D        | Reached skill level 1 in Short Blades
    17 | D        | Reached skill level 1 in Long Blades
    17 | D        | Reached skill level 1 in Axes
    17 | D        | Reached skill level 1 in Maces & Flails
    17 | D        | Reached skill level 1 in Polearms
    17 | D        | Reached skill level 1 in Staves
    17 | D        | Reached skill level 1 in Slings
    17 | D        | Reached skill level 1 in Bows
    17 | D        | Reached skill level 1 in Crossbows
    17 | D        | Reached skill level 1 in Throwing
    17 | D        | Reached skill level 1 in Armour
    17 | D        | Reached skill level 1 in Stealth
    17 | D        | Reached skill level 1 in Shields
    17 | D        | Reached skill level 1 in Conjurations
    17 | D        | Reached skill level 1 in Hexes
    17 | D        | Reached skill level 1 in Charms
    17 | D        | Reached skill level 1 in Summonings
    17 | D        | Reached skill level 1 in Necromancy
    17 | D        | Reached skill level 1 in Translocations
    17 | D        | Reached skill level 1 in Fire Magic
    17 | D        | Reached skill level 1 in Ice Magic
    17 | D        | Reached skill level 1 in Air Magic
    17 | D        | Reached skill level 1 in Earth Magic
    17 | D        | Reached skill level 1 in Poison Magic
    17 | D        | Reached skill level 1 in Evocations
    17 | D        | Reached XP level 2. HP: 23/24 MP: 8/8
    17 | D        | Reached XP level 3. HP: 28/29 MP: 9/9
    50 | D        | Reached skill level 5 in Dodging
    99 | D        | Killed a hellion
   100 | D        | Killed a hellion
   100 | D        | Killed a hellion
   113 | D        | Killed a hellion
   148 | D        | Killed a hellion
   157 | D        | Noticed Crazy Yiuf
   166 | D        | Killed Crazy Yiuf
   166 | D        | Reached skill level 7 in Unarmed Combat
   166 | D        | Reached XP level 4. HP: 37/37 MP: 8/11
   182 | D        | Killed a hellion
   200 | D        | Killed a white draconian scorcher
   206 | D        | Noticed a water elemental
   209 | D        | Killed a water elemental
   209 | D        | Reached XP level 5. HP: 42/42 MP: 11/13
   226 | D        | Killed a white draconian scorcher
   240 | D        | Killed a yaktaur
   259 | D        | Found a radiant altar of Vehumet.
   260 | D        | Found a deep blue altar of Sif Muna.
   260 | D        | Found an ancient bone altar of Kikubaaqudgha.
   272 | D        | Noticed a neqoxec
   275 | D        | HP: 2/43 [white imp[a kobold demonologist] (3)]
   275 | D        | Slain by a white imp

Vault maps used:
D:        dungeon_sprint_mu

Skill      XL: |  1  2  3  4 |
---------------+-------------+-----
Spellcasting   | 5 6 |  6.1
Invocations    | 2 3 |  3.8
Fighting       | 3 4 |  4.4
Short Blades   | 1 2 3 |  3.4
Long Blades    | 1 2 3 |  3.4
Axes           | 1 2 3 |  3.4
Maces & Flails | 1 2 3 |  3.4
Polearms       | 1 2 3 |  3.4
Staves         | 1 2 3 |  3.4
Slings         | 1 2 3 |  3.4
Bows           | 1 2 3 |  3.4
Crossbows      | 1 2 3 |  3.4
Throwing       | 1 2 3 |  3.4
Armour         | 1 2 3 |  3.4
Stealth        | 1 2 3 |  3.4
Shields        | 1 2 3 |  3.4
Conjurations   | 1 2 |  2.8
Hexes          | 1 2 |  2.8
Charms         | 1 2 |  2.8
Summonings     | 1 2 |  2.8
Necromancy     | 1 2 |  2.8
Translocations | 1 2 |  2.8
Transmutations | 4 |  4.8
Fire Magic     | 1 2 |  2.8
Ice Magic      | 1 2 |  2.8
Air Magic      | 1 2 |  2.8
Earth Magic    | 1 2 |  2.8
Poison Magic   | 1 2 |  2.8
Evocations     | 1 2 3 |  3.4
Dodging        | 5 |  5.8
Unarmed Combat | 7 |  7.5

Action                   |  1- 3 |  4- 6 || total
-------------------------+-------+-------++-------
Melee: Unarmed           |    24 |    16 ||    40
       Bite              |     3 |     1 ||     4
       Headbutt          |     2 |       ||     2
       Kick              |     3 |     7 ||    10
       Punch             |     3 |       ||     3
 Cast: Beastly Appendage |     3 |     1 ||     4
  Use: Potion            |       |     2 ||     2
 Stab: Sleeping          |     1 |     1 ||     2
Armor: Robe              |     1 |     1 ||     2
Dodge: Dodged            |    12 |    19 ||    31

Table legend:
 A = Non-vault XP
 B = Vault XP
 C = Vault XP percentage of total XP
 D = Non-vault monster count
 E = Vault monster count
 F = Vault count percentage of total count
                 A         B        C        D         E       F
            +---------+---------+-------+---------+---------+-------
      Total |       0 |     231 | 100.0 |       0 |       8 | 100.0
            +---------+---------+-------+---------+---------+-------
          D |       0 |     231 | 100.0 |       0 |       8 | 100.0
            +---------+---------+-------+---------+---------+-------
